 Dungeon Crawl Stone Soup version 0.9.0-15-g1b13fe2 character file.

255 Torokasi the Ruinous (level 4, 0/33 HPs)
             Began as a Draconian Conjurer on Aug 26, 2011.
             Succumbed to a kobold's poison
             ... on Level 3 of the Dungeon.
             The game lasted 00:16:46 (2033 turns).

Torokasi the Ruinous (Draconian Conjurer)           Turns: 2033, Time: 00:16:46

HP   0/33        AC  6     Str  7 (10) XL: 4   Next: 90%
MP   8/8         EV 12     Int 16      God:
Gold 126         SH  0     Dex 12      Spells:  3 memorised,  1 level left

Res.Fire  : . . .   See Invis. : .   f - +0,+1 spear (curse)
Res.Cold  : . . .   Warding    : . . a - +0 robe
Life Prot.: . . .   Conserve   : .   (shield restricted)
Res.Acid. : . . .   Res.Corr.  : .   (helmet restricted)
Res.Poison: .       Clarity    : .   (no cloak)
Res.Elec. : .       Spirit.Shd : .   (gloves unavailable)
Sust.Abil.: . .     Stasis     : .   (boots unavailable)
Res.Mut.  : .       Ctrl.Telep.: .   (no amulet)
Res.Rott. : .       Levitation : +   (no ring)
Saprovore : . . .   Ctrl.Flight: +   (no ring)

@: invisible, flying, mildly poisoned, slightly resistant to hostile
enchantments, fairly stealthy
A: unfitting armour
a: no special abilities


You were on level 3 of the Dungeon.
You were not hungry.

You visited 1 branch of the dungeon, and saw 3 of its levels.

You collected 106 gold pieces.

Inventory:

Hand weapons
 f - a cursed +0,+1 spear (weapon)
Armour
 a - a +0 robe (worn)
Magical devices
 l - a wand of flame (11)
 q - a wand of frost (12)
Comestibles
 b - 2 bread rations
 r - a choko
 t - 4 chunks of orc flesh
Scrolls
 d - a scroll of fear {unknown}
 g - a scroll of curse jewellery {unknown}
 n - a scroll of random uselessness
Potions
 e - a potion of brilliance
 j - 2 potions of poison
Books
 c - a book of Conjurations

   Spells                             Type                      Level
   *Magic Dart                        Conjuration                  1
   *Throw Frost                       Conjuration/Ice              2
   *Mephitic Cloud                    Conjuration/Poison/Air       3
   Lightning Bolt                     Conjuration/Air              5
   Bolt of Cold                       Conjuration/Ice              6
   Freezing Cloud                     Conjuration/Ice/Air          6


   Skills:
 + Level 1 Fighting
 - Level 1 Short Blades
 + Level 2 Dodging
 + Level 2 Stealth
 - Level 1 Stabbing
 * Level 2 Spellcasting
 * Level 5 Conjurations
 - Level 1 Ice Magic


You had one spell level left.
You knew the following spells:

 Your Spells              Type           Power        Success   Level  Hunger
a - Magic Dart            Conj           ####.        Excellent   1    Strawberry
b - Throw Frost           Ice/Conj       ###....      Great       2    Choko
d - Mephitic Cloud        Pois/Air/Conj  ##........   Fair        3    Honeycomb

Dungeon Overview and Level Annotations

Branches:
Dungeon (3/27)

Altars:
The Shining One


Message History

Drink which item? (? for menu, Esc to quit)
There was something very wrong with that liquid!
You feel weakened.
It was a potion of degeneration.
* * * LOW HITPOINT WARNING * * *
You feel sick.
Read which item? (? for menu, Esc to quit)
Okay, then.
* * * LOW HITPOINT WARNING * * *
You feel sick.
There is a stone staircase leading down here.
You see here a poisoned needle.
* * * LOW HITPOINT WARNING * * *
You feel sick.
You start resting.
* * * LOW HITPOINT WARNING * * *
You feel sick.
You feel a little better.
You start resting.
You die...

##...... #.....>
###.... ##### #
... #####
......#######....
..).....@>.##)...
......####(......
... ####.... .
#.... ###.# #.#
#.# #.# #.#


There were no monsters in sight!

Vanquished Creatures
  An orc wizard (D:3)
  3 gnolls (D:2)
  2 snakes (D:2)
  An orc (D:3)
  10 bats
  2 giant cockroaches
  7 goblins
  8 hobgoblins
  An ooze (D:1)
  3 giant geckos
  7 giant newts
  11 kobolds
  6 rats
  A small snake (D:2)
63 creatures vanquished.

Vanquished Creatures (others)
  3 toadstools (D:1)
3 creatures vanquished.

Grand Total: 66 creatures vanquished

Notes
Turn   | Place    | Note
--------------------------------------------------------------
     0 | D:1      | Torokasi, the Draconian Conjurer, began the quest for the Orb.
     0 | D:1      | Reached XP level 1. HP: 14/14 MP: 3/3
   255 | D:1      | Reached XP level 2. HP: 15/20 MP: 2/4
   717 | D:1      | Learned a level 2 spell: Throw Frost
  1040 | D:2      | Reached XP level 3. HP: 20/26 MP: 6/6
  1116 | D:2      | Reached skill level 1 in Short Blades
  1183 | D:2      | Learned a level 3 spell: Mephitic Cloud
  1612 | D:2      | Found a glowing golden altar of the Shining One.
  1636 | D:2      | Reached XP level 4. HP: 31/33 MP: 2/8
  1645 | D:2      | Reached skill level 1 in Fighting
  1653 | D:2      | Reached skill level 5 in Conjurations
  1917 | D:3      | Reached skill level 1 in Stabbing
  1924 | D:3      | Reached skill level 1 in Ice Magic
  2031 | D:3      | HP: 1/33 [poisoned by a kobold]
  2033 | D:3      | Succumbed to a kobold's poison
